 Dungeon Crawl Stone Soup version 0.20-a0-692-g0c5bb27 (webtiles) character file.

242749 AlphabetPasta the Stormcaller (level 19, -4/147 HPs)
             Began as a Naga Air Elementalist on Feb 17, 2017.
             Was the Champion of Cheibriados.
             Slain by a spark wasp (8 damage)
             ... on level 4 of the Spider Nest on Feb 19, 2017.
             The game lasted 06:12:19 (56252 turns).

AlphabetPasta the Stormcaller (NaAE)               Turns: 56252, Time: 06:12:22

Health: -4/147     AC: 27    Str: 25    XL:     19   Next: 85%
Magic:  6/35       EV: 17    Int: 45    God:    Cheibriados [******]
Gold:   1997       SH: 12    Dex: 26    Spells: 4/43 levels left

rFire    + + .     SeeInvis +   a - +9 scimitar (flame)
rCold    . . .     Gourm    .   O - +5 ring mail of Hide-and-Seek {rPois Int+5}
rNeg     . . .     Faith    .   d - +0 buckler
rPois    +         Spirit   .   v - +0 helmet of Foolhardiness {rCorr}
rElec    .         Reflect  +   X - +1 cloak {MR+}
rCorr    +         Harm     .   H - +1 pair of gloves
MR       ++++.                  E - +3 naga barding {rF+}
Stlth    ++........             U - +6 amulet of reflection
Regen    0.4/turn               m - ring of protection from magic
MPRegen  0.3/turn               f - ring of protection from fire

@: very slightly contaminated, deflect missiles, very slow
A: see invisible, deformed body, poison resistance, slowness 2, slow metabolism
1, spit poison 1, constrict 1, AC +6
}: 1/15 runes: decaying
a: Spit Poison, Bend Time, Temporal Distortion, Slouch, Step From Time, Renounce
Religion


You were on level 4 of the Spider Nest.
You worshipped Cheibriados.
Cheibriados was exalted by your worship.
You were not hungry.

You visited 5 branches of the dungeon, and saw 31 of its levels.
You also visited: Labyrinth, Sewer and Bailey.

You collected 3061 gold pieces.
You spent 1064 gold pieces at shops.

Inventory:

Hand Weapons
 a - a +9 scimitar of flaming (weapon)
Armour
 d - a +0 buckler (worn)
 j - a +1 robe of cold resistance
 v - the +0 helmet of Foolhardiness (worn) {rCorr}
   (You acquired it on level 1 of the Orcish Mines)

   It protects you from acid and corrosion.
 E - a +3 naga barding of fire resistance (worn)
 H - a +1 pair of gloves (worn)
 O - the +5 ring mail of Hide-and-Seek (worn) {rPois Int+5}
   (You found it on level 1 of the Spider Nest)

   It affects your intelligence (+5).
   It protects you from poison.
 X - a +1 cloak of magic resistance (worn)
Magical Staves
 w - an uncursed staff of wizardry
 A - an uncursed staff of air
Jewellery
 f - a ring of protection from fire (left hand)
 g - the ring "Likhlurph" {Fire MR+ Dex+4}
   (You found it on level 12 of the Dungeon)

   [ring of fire]

   It enhances your fire magic.
   It affects your dexterity (+4).
   It protects you from fire.
   It makes you vulnerable to cold.
   It affects your resistance to hostile enchantments.
 m - a ring of protection from magic (right hand)
 N - an uncursed ring of ice
 U - a +6 amulet of reflection (around neck)
Wands
 b - a wand of clouds (5/9)
 l - a wand of disintegration (13/24)
 u - a wand of iceblast (8/15)
 G - a wand of acid (6/15)
 K - a wand of digging (14/24)
 M - a wand of confusion (12/48)
 S - a wand of flame (28/48)
Scrolls
 o - a scroll of silence
 p - 8 scrolls of fog
 t - 3 scrolls of magic mapping
 x - 12 scrolls of identify
 y - 4 scrolls of recharging
 B - 8 scrolls of remove curse
 C - 4 scrolls of teleportation
 P - 2 scrolls of fear
 Y - 5 scrolls of holy word
 Z - 3 scrolls of enchant armour
Potions
 e - 6 potions of might
 h - 4 potions of flight
 i - a potion of ambrosia
 q - 5 potions of curing
 r - 5 potions of heal wounds
 s - 4 potions of agility
 z - 6 potions of brilliance
 I - a potion of cancellation
 J - 3 potions of magic
 R - a potion of resistance
 T - a potion of invisibility
Books
 D - a book of Minor Magic

   Spells                             Type                      Level
   a - Magic Dart                     Conjuration                  1
   b - Blink                          Translocation                2
   c - Call Imp                       Summoning                    2
   d - Slow                           Hexes                        2
   e - Conjure Flame                  Conjuration/Fire             3
   f - Mephitic Cloud                 Conjuration/Poison/Air       3
 V - a book of the Sky

   Spells                             Type                      Level
   a - Summon Lightning Spire         Summoning/Air                4
   b - Silence                        Hexes/Air                    5
   c - Deflect Missiles               Charms/Air                   6
   d - Conjure Ball Lightning         Conjuration/Air              6
   e - Tornado                        Air                          9
Comestibles
 c - 16 bread rations
 k - 8 royal jellies
 L - 19 meat rations


   Skills:
 - Level 4.2 Fighting
 + Level 9.7 Long Blades
 - Level 3.0 Armour
 + Level 11.1 Dodging
 - Level 3.0 Stealth
 - Level 3.0 Shields
 * Level 12.9 Spellcasting
 + Level 12.9 Conjurations
 - Level 6.0 Charms
 - Level 4.0 Fire Magic
 * Level 11.3 Ice Magic
 * Level 17.6 Air Magic
 - Level 11.4 Invocations
 - Level 3.0 Evocations


You had 4 spell levels left.
You knew the following spells:

 Your Spells              Type           Power        Failure   Level  Hunger
a - Shock                 Conj/Air       ####         0%          1    None
b - Apportation           Tloc           ####..       1%          1    None
c - Static Discharge      Conj/Air       ########     0%          3    None
d - Airstrike             Air            ########..   0%          4    None
e - Lightning Bolt        Conj/Air       ########..   1%          5    None
f - Fireball              Conj/Fire      #######...   1%          5    None
g - Deflect Missiles      Chrm/Air       #######...   1%          6    None
h - Freezing Cloud        Conj/Ice/Air   ########..   1%          6    None
i - Blink                 Tloc           N/A          1%          2    None
j - Bolt of Cold          Conj/Ice       #######...   1%          6    None


Dungeon Overview and Level Annotations

Branches:
Dungeon (15/15)            Temple (0/1) D:6            Lair (6/6) D:9
  Swamp (4/4) Lair:2       Spider (4/4) Lair:3        Slime (0/5) Lair:6
    Orc (2/2) D:12            Elf (0/3) Orc:2        Vaults (0/5) D:13
 Depths (0/5) D:15

Altars:
Ashenzari
Cheibriados
Dithmenos
Fedhas
Gozag
Kikubaaqudgha
Makhleb
Uskayaw
Vehumet
Xom
Zin
The Shining One

Shops:
D:14 !!!:(   Orc:2 *[:(

Annotations:
Spider:2 exclusion: Roxanne, Roxanne


Innate Abilities, Weirdness & Mutations

You cannot wear boots.
Your serpentine skin is tough. (AC +6)
You have supernaturally acute eyesight. (SInv)
Armour fits poorly on your strangely shaped body.
Your system is resistant to poisons. (rPois)
You cover ground very slowly.
You have a slow metabolism.
You can spit poison.
You can use your snake-like lower body to constrict enemies.


Message History

You kill the orb spider!
Cheibriados thoroughly appreciates the change of pace.
The ghost moth is engulfed in freezing vapours.
The ghost moth stares at you.
You feel your power leaking away.
The spark wasp is engulfed in freezing vapours.
The spark wasp stings you!
* * * LOW HITPOINT WARNING * * *
The spark wasp shocks you!
* * * LOW HITPOINT WARNING * * *
A moth of wrath comes into view.
Blink to where?
Press: ? - help, Dir - move target cursor, p - spark wasp You are very lightly contaminated with residual magic.
As you read the scroll of blinking, it crumbles to dust.
You feel yourself speed up.
The spark wasp bursts into living lightning!
The living lightning misses you.
The spark wasp blinks!
The spark wasp stings you!
You die...

##†....^^≈.^## ##.............
##.............. ..
#..≈.≈≈.[....... ...
########....≈.^. ...)
########≈.≈..≈.^^#####.
..^w#####^.≈.........^..^....##
^##.....^.....#y.....^.........
...^§.§.(..†..@..^^............
.§§§§§§†...^..#......^.(.......
.yy§y§ys§........^.^^.^........
.§.§^.≈......^.########†....^..
.^...##.^....####.^≈≈^..≈######
..##^ ##...### ##.).^./≈)...≈^
. . ##### ##............ .
#............ .^ ##...........


You could see an emperor scorpion and a spark wasp.

Vanquished Creatures
  the Lernaean hydra (Swamp:4)
  Nikola (Swamp:1)
  Jorgrun (Spider:4)
  Rupert (D:13)
  Frances (Spider:2)
  A thorn hunter (Swamp:1)
  Donald (Swamp:2)
  A ghost moth (Spider:3)
  Louise (Spider:2)
  An emperor scorpion (Spider:3)
  An orc warlord (Orc:2)
  The ghost of PurpleRed the Severer, a journeyman HOGl of Zin (D:13)
  Aizul (Swamp:2)
  Nessos (D:13)
  2 entropy weavers (Spider:2)
  The ghost of crawlisdead the Eclecticist, a journeyman DECj of Kikubaaqudgha (Orc:2)
  A spark wasp (Spider:3)
  A minotaur (Lab)
  A fire dragon (Lair:6)
  An ogre mage (D:15)
  A catoblepas (Lair:4)
  32 hydras
  4 centaur warriors (D:14)
  Erica (Lair:1)
  A two-headed ogre (shapeshifter) (D:14)
  2 tengu warriors (D:14)
  13 alligators
  7 two-headed ogres
  15 death yaks
  A queen ant (Lair:3)
  4 orc high priests (Orc:2)
  Urug (Lair:4)
  A skeletal warrior (D:14)
  12 swamp dragons
  5 wizards
  4 unseen horrors
  A deep elf archer (D:13)
  2 spriggan druids
  2 shambling mangroves (Swamp:1)
  Pikel (D:5)
  4 orc knights
  5 deep elf magi
  15 orb spiders
  An oklob plant (Lair:4)
  42 wolf spiders
  A phantasmal warrior (D:13)
  3 orc sorcerers (Orc:2)
  5 cyclopes
  A wolf spider (shapeshifter) (D:13)
  9 ugly things
  2 manticores
  A black mamba (shapeshifter) (D:13)
  4 moths of wrath
  Maurice (D:8)
  4 centaur zombies
  A vault sentinel (D:13)
  5 black mambas
  12 elephants
  6 torpor snails
  Psyche (D:10)
  2 ice statues (Swamp:1)
  8 centaur skeletons
  5 gargoyles
  A kobold demonologist (D:14)
  10 rime drakes
  A freezing wraith (D:15)
  A yaktaur (shapeshifter) (D:10)
  24 demonic crawlers
  18 spiny frogs
  An efreet (D:13)
  15 komodo dragons
  2 tengu conjurers
  25 hornets
  3 meliai (Spider:4)
  13 polar bears
  8 trolls
  A wolf spider simulacrum (D:15)
  6 tyrant leeches
  17 blink frogs
  37 jumping spiders
  2 raiju (Lair:6)
  9 bog bodies
  A blink frog (shapeshifter) (D:14)
  5 dream sheep
  25 slime creatures
  13 hippogriffs
  9 spriggans
  3 wraiths
  69 redbacks
  69 yaks
  2 water elementals (D:13)
  5 shadows
  17 humans
  6 basilisks
  2 hungry ghosts
  32 tarantellas
  2 fire bats (shapeshifter) (D:14)
  3 hogs (D:9)
  3 wyverns
  A steam dragon (D:9)
  10 wargs
  48 vampire mosquitoes
  A redback simulacrum (D:13)
  Grum (D:9)
  23 insubstantial wisps
  18 swamp worms
  8 soldier ants
  5 acid dragons
  13 water moccasins
  13 hell hounds (Lair:6)
  15 swamp drakes
  A slave (D:5)
  2 floating eyes (D:14)
  10 porcupines
  33 orc warriors
  4 sky beasts
  A hornet zombie (D:7)
  3 necrophages
  3 ice beasts
  6 phantoms
  11 black bears (Lair:6)
  An eye of draining (D:14)
  20 wolves
  12 crocodiles
  13 ogres
  10 centaurs
  4 boggarts (D:14)
  A big kobold (D:10)
  Blork the orc (D:6)
  21 bullfrogs
  A water moccasin zombie (D:8)
  8 scorpions
  A wyvern skeleton (D:12)
  42 killer bees
  6 wights
  4 electric eels
  5 howler monkeys
  10 crimson imps
  9 hounds
  21 jellies
  34 orc wizards
  Crazy Yiuf (D:5)
  2 bullfrog skeletons
  16 orc priests
  8 iguanas
  38 worker ants
  A hound zombie (D:8)
  2 hound skeletons
  2 worker ant zombies (D:7)
  Robin (D:4)
  16 gnolls
  A howler monkey skeleton (D:6)
  23 adders
  A river rat (shapeshifter) (D:13)
  6 shadow imps
  8 dart slugs
  10 leopard geckos
  85 orcs
  11 giant cockroaches
  21 goblins
  16 hobgoblins
  16 jackals
  19 kobolds
  5 quokkas
  2 ball pythons
  11 bats
  8 frilled lizards
  5 rats
  A fungus (Lair:5)
  A plant (Lair:4)
1520 creatures vanquished.

Vanquished Creatures (others)
  A spriggan (Swamp:4)
  A cyclops (D:15)
  A hornet (Swamp:4)
  A water elemental (D:13)
  2 slaves (D:5)
  A boggart (D:14)
  A centaur (D:12)
  A jelly (D:13)
  An orc wizard (D:13)
  A worker ant (D:5)
  A hound skeleton (D:5)
  A shadow imp (D:5)
  3 orcs
  2 hobgoblins (Bailey)
  A kobold (Bailey)
  32 fungi
  52 plants
103 creatures vanquished.

Grand Total: 1623 creatures vanquished

Notes
Turn   | Place    | Note
-------+----------+-------------------------------------------
     0 | D:1      | AlphabetPasta the Naga Air Elementalist began the quest for the Orb.
     0 | D:1      | Reached XP level 1. HP: 15/15 MP: 3/3
   270 | D:1      | Reached XP level 2. HP: 18/22 MP: 0/5
   274 | D:1      | Learned a level 2 spell: Swiftness
   982 | D:2      | Reached XP level 3. HP: 28/28 MP: 6/6
  1739 | D:2      | Learned a level 3 spell: Static Discharge
  2082 | D:3      | Found a shadowy altar of Dithmenos.
  2116 | D:3      | Reached XP level 4. HP: 36/36 MP: 5/7
  2494 | D:3      | Found a snail-covered altar of Cheibriados.
  2502 | D:3      | Became a worshipper of Cheibriados the Contemplative
  2917 | D:3      | Found a burning altar of Makhleb.
  2917 | D:3      | Noticed a centaur
  2925 | D:3      | Killed a centaur
  2925 | D:3      | Reached skill level 4 in Air Magic
  2925 | D:3      | Reached XP level 5. HP: 3/42 MP: 4/9
  3206 | D:3      | Learned a level 4 spell: Airstrike
  3376 | D:3      | You fall through a shaft!
  3388 | D:4      | Reached * piety under Cheibriados
  3705 | D:4      | Reached XP level 6. HP: 48/49 MP: 7/10
  3728 | D:4      | Noticed Robin
  3731 | D:4      | Killed Robin
  3736 | D:4      | Noticed a phantom
  3766 | D:4      | Killed a phantom
  3766 | D:4      | Reached skill level 5 in Air Magic
  4164 | D:4      | Reached ** piety under Cheibriados
  4167 | D:4      | Reached XP level 7. HP: 40/55 MP: 6/12
  4566 | D:4      | Found a burning altar of Makhleb.
  4709 | D:5      | Entered Level 5 of the Dungeon
  4777 | D:5      | Reached skill level 1 in Shields
  5190 | D:5      | Noticed Pikel
  5196 | D:5      | Killed Pikel
  5196 | D:5      | Reached *** piety under Cheibriados
  5196 | D:5      | Reached skill level 1 in Long Blades
  5196 | D:5      | Reached skill level 6 in Air Magic
  5196 | D:5      | Reached XP level 8. HP: 39/62 MP: 1/14
  5491 | D:5      | Found a runed door.
  5604 | D:5      | Reached skill level 1 in Fighting
  5604 | D:5      | Reached skill level 7 in Air Magic
  5604 | D:5      | Reached skill level 1 in Invocations
  6111 | D:5      | Noticed Crazy Yiuf
  6115 | D:5      | Killed Crazy Yiuf
  6149 | D:6      | Reached XP level 9. HP: 62/70 MP: 12/16
  6152 | D:6      | Noticed Blork the orc
  6176 | D:6      | Found a glowing drain.
  6243 | Sewer    | Entered a sewer
  6244 | Sewer    | Upgraded the game from 0.20-a0-660-g4639c04 to 0.20-a0-672-gd6c3c51
  6244 | Sewer    | Reached **** piety under Cheibriados
  6513 | D:6      | Found a staircase to the Ecumenical Temple.
  6652 | D:6      | Killed Blork the orc
  6854 | D:6      | Reached skill level 5 in Spellcasting
  7094 | D:6      | Found an opulent altar of Gozag.
  7827 | D:7      | Reached skill level 5 in Conjurations
  7910 | D:7      | Found a shimmering altar of Xom.
  7925 | D:7      | Reached skill level 8 in Air Magic
  8032 | D:7      | Reached ***** piety under Cheibriados
  8193 | D:7      | Reached XP level 10. HP: 73/78 MP: 12/18
  8199 | D:7      | Reached skill level 5 in Dodging
  8687 | D:7      | Found Celecrut's Magic Scroll Shop.
  8820 | D:7      | Learned a level 5 spell: Lightning Bolt
  8908 | D:8      | Upgraded the game from 0.20-a0-672-gd6c3c51 to 0.20-a0-687-g5abc3fc
  9062 | D:8      | Found a blossoming altar of Fedhas.
  9063 | D:8      | Found a glowing silver altar of Zin.
  9065 | D:8      | Noticed Maurice
  9077 | D:8      | Killed Maurice
  9078 | D:8      | Found a glowing golden altar of the Shining One.
  9144 | D:8      | Found an ancient bone altar of Kikubaaqudgha.
  9273 | D:8      | Found a hide-covered altar of Uskayaw.
  9283 | D:8      | Found a radiant altar of Vehumet.
  9530 | D:9      | Reached skill level 9 in Air Magic
  9891 | D:9      | Reached ****** piety under Cheibriados
  9899 | D:9      | Reached skill level 5 in Invocations
 10120 | D:9      | Learned a level 1 spell: Apportation
 10137 | D:9      | Reached skill level 1 in Evocations
 10340 | D:9      | Reached XP level 11. HP: 70/84 MP: 13/20
 10489 | D:9      | Reached skill level 10 in Air Magic
 10769 | D:9      | Found a staircase to the Lair.
 11457 | D:9      | Noticed Grum
 11457 | D:9      | Killed Grum
 11471 | D:9      | Found a shattered altar of Ashenzari.
 12571 | D:10     | Entered Level 10 of the Dungeon
 12791 | D:10     | Noticed Psyche
 12800 | D:10     | Killed Psyche
 13702 | D:10     | Reached XP level 12. HP: 87/93 MP: 14/22
 13954 | D:11     | Found a shimmering altar of Xom.
 14106 | D:11     | Noticed a five-headed hydra
 14109 | D:11     | Killed a five-headed hydra
 14109 | D:11     | Reached skill level 11 in Air Magic
 15272 | D:12     | Got a fine pewter ring
 15498 | D:11     | Identified the ring "Likhlurph" {Fire MR+ Dex+4} (You found it on level 12 of the Dungeon)
 15919 | D:12     | Found a staircase to the Orcish Mines.
 16574 | D:12     | Learned a level 5 spell: Fireball
 16786 | Lair:1   | Entered Level 1 of the Lair of Beasts
 16937 | Lair:1   | Reached skill level 1 in Fire Magic
 17333 | Lair:1   | Reached skill level 5 in Long Blades
 17347 | Lair:1   | Noticed Erica
 17375 | Lair:1   | Killed Erica
 17375 | Lair:1   | Reached skill level 12 in Air Magic
 17375 | Lair:1   | Gained mutation: You can use your snake-like lower body to constrict enemies. [Naga growth]
 17375 | Lair:1   | Reached XP level 13. HP: 90/99 MP: 5/25
 18055 | Lair:1   | Reached skill level 1 in Armour
 20624 | Lair:2   | Found a staircase to the Swamp.
 21558 | Lair:3   | Learned a level 6 spell: Deflect Missiles
 22496 | Lair:3   | Reached skill level 1 in Charms
 22781 | Lair:3   | Found a hole to the Spider Nest.
 22916 | Lair:3   | Reached XP level 14. HP: 67/109 MP: 5/26
 23195 | Lair:3   | Reached skill level 13 in Air Magic
 24033 | Lair:4   | Noticed Urug
 24035 | Lair:4   | Killed Urug
 25563 | Lair:5   | Learned a level 6 spell: Freezing Cloud
 26072 | Lair:5   | Reached skill level 1 in Ice Magic
 26073 | Lair:5   | Reached skill level 10 in Conjurations
 26231 | Lair:6   | Entered Level 6 of the Lair of Beasts
 26331 | Lair:6   | Found a labyrinth entrance.
 26339 | Lab      | Entered a labyrinth
 26438 | Lab      | Got an ichor-stained mace {flame}
 27502 | Lair:6   | Reached XP level 15. HP: 109/117 MP: 16/28
 27991 | Lair:6   | Reached skill level 14 in Air Magic
 28930 | Lair:6   | Upgraded the game from 0.20-a0-687-g5abc3fc to 0.20-a0-689-g860b9ab
 28939 | Lair:6   | Found a staircase to the Slime Pits.
 30115 | Lair:6   | Reached skill level 10 in Invocations
 31118 | Orc:1    | Entered Level 1 of the Orcish Mines
 31170 | Orc:1    | Found a flagged portal.
 31185 | Bailey   | Entered a bailey
 31252 | Bailey   | Reached skill level 5 in Charms
 31594 | Orc:1    | Identified a scroll of acquirement
 31595 | Orc:1    | Got a smoking helmet
 31606 | Orc:1    | Identified the +0 helmet of Foolhardiness {rCorr} (You acquired it on level 1 of the Orcish Mines)
 32102 | Orc:2    | Entered Level 2 of the Orcish Mines
 32125 | Orc:2    | Noticed crawlisdead's ghost (journeyman DECj)
 32188 | Orc:2    | Found a staircase to the Elven Halls.
 32227 | Orc:2    | Killed crawlisdead's ghost
 32862 | Orc:2    | Noticed an orc warlord
 32878 | Orc:2    | Killed an orc warlord
 32878 | Orc:2    | Reached skill level 10 in Spellcasting
 33145 | Orc:2    | Reached XP level 16. HP: 124/124 MP: 19/30
 33448 | Orc:2    | Upgraded the game from 0.20-a0-689-g860b9ab to 0.20-a0-691-g71b7943
 33651 | Orc:2    | Found Leheneest's General Store.
 33657 | Orc:2    | Found Xuexapao's Antique Armour Boutique.
 33657 | Orc:2    | Found Zoil Jel's Antique Weapon Shop.
 33659 | Orc:2    | Found Plog's Book Boutique.
 33663 | Orc:2    | Bought a scroll of magic mapping for 56 gold pieces
 33664 | Orc:2    | Bought a book of Minor Magic for 280 gold pieces
 33667 | Orc:2    | Learned a level 2 spell: Blink
 33860 | D:13     | Found a gate to the Vaults.
 33860 | D:13     | Noticed Nessos
 33860 | D:13     | Noticed Rupert
 34050 | D:13     | Killed Nessos
 34051 | D:13     | Killed Rupert
 34051 | D:13     | Reached skill level 15 in Air Magic
 34755 | D:13     | Noticed PurpleRed's ghost (journeyman HOGl)
 35043 | D:13     | Killed PurpleRed's ghost
 35482 | D:13     | Reached skill level 5 in Ice Magic
 36307 | D:14     | Found Pyziegha's Distillery.
 36315 | D:14     | Bought a potion of magic for 104 gold pieces
 36315 | D:14     | Bought a potion of resistance for 130 gold pieces
 36315 | D:14     | Bought a potion of heal wounds for 65 gold pieces
 36524 | D:14     | Found Banosel's Antique Weapon Shoppe.
 37247 | D:14     | Found Gaicoh's Distillery.
 37254 | D:14     | Bought a potion of magic for 152 gold pieces
 37254 | D:14     | Bought a potion of heal wounds for 95 gold pieces
 38145 | D:14     | Found Awuaduur's Distillery.
 38148 | D:14     | Bought a potion of magic for 112 gold pieces
 38148 | D:14     | Bought a potion of heal wounds for 70 gold pieces
 38153 | D:14     | Found Peutupt's Book Shoppe.
 38539 | D:15     | Entered Level 15 of the Dungeon
 38895 | D:15     | Upgraded the game from 0.20-a0-691-g71b7943 to 0.20-a0-692-g0c5bb27
 39016 | D:15     | Reached XP level 17. HP: 130/130 MP: 8/31
 39754 | D:15     | Found a staircase to the Depths.
 40481 | Swamp:1  | Entered Level 1 of the Swamp
 40481 | Swamp:1  | Noticed Nikola
 40498 | Swamp:1  | Killed Nikola
 41843 | Swamp:1  | Reached skill level 10 in Dodging
 42013 | Swamp:1  | Reached skill level 16 in Air Magic
 43685 | Swamp:2  | Noticed Aizul
 43781 | Swamp:2  | Killed Aizul
 44372 | Swamp:2  | Noticed Donald
 44376 | Swamp:2  | Killed Donald
 45649 | Swamp:2  | Reached XP level 18. HP: 130/138 MP: 15/33
 47115 | Swamp:3  | Found a shadowy altar of Dithmenos.
 47609 | Swamp:4  | Entered Level 4 of the Swamp
 47663 | Swamp:3  | Learned a level 6 spell: Bolt of Cold
 48118 | Swamp:4  | Identified the cursed +1 chain mail of Kylav {rN+ Int+4} (You took it off a spriggan rider on level 4 of the Swamp)
 48719 | Swamp:4  | Noticed the 27-headed Lernaean hydra
 48755 | Swamp:4  | Killed the 27-headed Lernaean hydra
 49665 | Swamp:4  | Got a decaying rune of Zot
 49858 | Spider:1 | Entered Level 1 of the Spider Nest
 50458 | Spider:1 | Identified the +5 ring mail of Hide-and-Seek {rPois Int+5} (You found it on level 1 of the Spider Nest)
 50686 | Spider:1 | Reached skill level 10 in Ice Magic
 50864 | Spider:1 | Reached skill level 17 in Air Magic
 51363 | Spider:2 | Noticed Roxanne
 51425 | Spider:2 | Got a crude buckler
 51436 | Spider:2 | Identified the +1 buckler of Integrity {rPois rF+ Int-2} (You acquired it on level 2 of the Spider Nest)
 51560 | Spider:2 | Noticed Frances
 51565 | Spider:2 | Killed Frances
 51565 | Spider:2 | Reached XP level 19. HP: 147/147 MP: 10/35
 51690 | Spider:2 | Noticed Louise
 51709 | Spider:2 | Killed Louise
 54543 | Spider:4 | Entered Level 4 of the Spider Nest
 54762 | Spider:4 | Noticed Jorgrun
 54768 | Spider:4 | Killed Jorgrun
 56251 | Spider:4 | HP: 4/147 [spark wasp (14)]
 56252 | Spider:4 | Slain by a spark wasp

Vault maps used:
D:1:      dpeg_arrival_concentric_ovals, roderic_malta_cross,
          hangedman_decor_growths
D:3:      lightli_temple_of_fire, kennysheep_slug_shrine, hangedman_decor_push,
          hangedman_decor_clover_reticule,
          nicolae_dithmenos_through_a_glass_darkly
D:4:      makhleb_heckhound_becter, uniq_robin
D:5:      first_bread, uniq_pikel, uniq_crazy_yiuf_cottage
D:6:      minmay_temple_entry_crystal_x, gup_sewer_entry_pipe,
          grunt_gozag_breadcrumbs, uniq_blork_the_orc
D:7:      serial_shops, shop_scrolls, dk_xom_monty_hall
D:8:      grunt_temple_overflow_open, uniq_maurice
D:9:      marbit_many_paths, erik_lair_orcish_takeover, grunt_livestock,
          grunt_ministairs_8, uniq_grum
D:10:     uniq_psyche
D:11:     basic_altar
D:12:     orc_0_dummy, serial_glass, glass_columns_a, glass_columns_b,
          kennysheep_generic_room_4
D:13:     kennysheep_four_of_diamonds, david_vaults_3
D:14:     serial_shops, shop, shop, shop, shop, shop, columned_hall_lemuel,
          onia_ninara_cookie
D:15:     grunt_enter_depths_magical_seal, grunt_decor_clamped
Lair:1:   minmay_lair_venomous_thicket, grunt_forest_large_clearing_hut,
          lemuel_fruit_fields, serial_bayou_shore_b, serial_bayou_shore_b,
          uniq_erica
Lair:2:   swamp_mist
Lair:3:   spider_nest_entry_funnel_web, zaba_antful_of_joy
Lair:4:   serial_bayou, serial_bayou_pond_d, serial_bayou_pond_d,
          serial_bayou_shore_b, serial_bayou_crossing, uniq_urug
Lair:6:   hangedman_lair_caniforms_friends, guppyfry_lair_end_dragon,
          minmay_slime_entry_jelly_boxes, lab_entry_generic, lemuel_fruit_tree,
          grunt_megastairs_3
Swamp:1:  portal_ice_cave_entry_ice_statue_two, hangedman_swamp_ruin_wall,
          grunt_witch_cave, uniq_nikola
Swamp:2:  evilmike_swamp_ruin_house_5, infiniplex_staircase_pool, uniq_donald,
          uniq_aizul
Swamp:3:  nicolae_swamp_godswood
Swamp:4:  swamp_old_school, swamp_pool2
Spider:1: nicolae_crawler_farm
Spider:2: uniq_louise, uniq_roxanne, uniq_frances
Spider:4: grunt_spider_rune_parallel, uniq_jorgrun
Orc:1:    enter_bailey_3
Orc:2:    st_orc_congregation
Lab:      labyrinth_mini_lab, lab_hedge, nicolae_lab_statue
Sewer:    sewer_big_baddie
Bailey:   bailey_axe_2, bailey

Skill      XL: |  1  2  3  4  5  6  7  8  9 10 11 12 13 14 15 16 17 18 19 |
---------------+----------------------------------------------------------+-----
Dodging        | 2 3 4 5 6 7 8 9 10 11 | 11.1
Conjurations   | 2 3 4 5 6 7 8 9 10 11 12 | 12.9
Spellcasting   | 3 4 5 6 7 8 9 10 11 12 | 12.9
Air Magic      | 4 5 6 7 8 9 10 12 13 14 15 16 17 | 17.6
Shields        | 1 2 3 |  3.0
Long Blades    | 1 2 3 4 5 6 7 8 9 |  9.7
Fighting       | 1 2 3 4 |  4.2
Invocations    | 1 3 5 6 7 8 9 10 11 | 11.4
Evocations     | 1 2 3 |  3.0
Fire Magic     | 1 4 |  4.0
Armour         | 1 2 3 |  3.0
Charms         | 1 3 5 6 |  6.0
Ice Magic      | 2 4 6 8 10 11 | 11.3
Stealth        | |  3.0

Action                   |  1- 3 |  4- 6 |  7- 9 | 10-12 | 13-15 | 16-18 | 19-21 || total
-------------------------+-------+-------+-------+-------+-------+-------+-------++-------
Melee: Short sword       |    16 |    28 |     2 |       |       |       |       ||    46
       Scimitar          |       |       |    29 |    75 |   220 |   590 |   283 ||  1197
       Unarmed           |       |       |     5 |       |       |       |       ||     5
       Constrict         |       |       |       |       |    94 |   139 |    66 ||   299
 Cast: Shock             |    57 |    97 |   244 |   433 |   520 |   202 |    10 ||  1563
       Static Discharge  |       |       |    15 |   126 |   194 |   143 |    15 ||   493
       Airstrike         |       |       |       |    61 |   212 |   394 |   101 ||   768
       Lightning Bolt    |       |       |       |     9 |    39 |    29 |     2 ||    79
       Fireball          |       |       |       |       |     8 |    66 |    12 ||    86
       Freezing Cloud    |       |       |       |       |     4 |     4 |     5 ||    13
       Deflect Missiles  |       |       |       |       |       |     2 |     1 ||     3
       Apportation       |       |       |       |       |       |     3 |     2 ||     5
       Bolt of Cold      |       |       |       |       |       |     6 |     2 ||     8
Invok: Slouch            |       |       |       |       |    14 |     7 |     5 ||    26
       Step From Time    |       |       |       |       |       |       |     1 ||     1
 Abil: Spit Poison       |    24 |    22 |    33 |     5 |    10 |    10 |    42 ||   146
Evoke: Wand              |       |       |       |    25 |       |       |     1 ||    26
  Use: Scroll            |     9 |     4 |     6 |     9 |    18 |    13 |     2 ||    61
       Potion            |       |     4 |       |     1 |     8 |    11 |     1 ||    25
 Stab: Sleeping          |     1 |       |       |     1 |     3 |     3 |       ||     8
       Distracted        |       |       |       |       |     1 |     2 |     1 ||     4
       Invisible         |       |       |       |       |       |     2 |       ||     2
  Eat: Chunk             |     5 |     3 |     3 |    15 |    28 |    17 |     2 ||    73
       Meat ration       |       |     1 |     1 |       |       |       |       ||     2
       Fruit             |       |       |       |       |     6 |    12 |       ||    18
       Royal jelly       |       |       |       |       |       |     4 |     5 ||     9
Armor: Robe              |     4 |    17 |    26 |    65 |   118 |   259 |       ||   489
       Ring mail         |       |       |       |       |       |    61 |   254 ||   315
Dodge: Dodged            |    24 |    30 |    56 |   205 |   317 |   583 |   317 ||  1532
       Deflected         |       |       |       |       |       |    12 |     1 ||    13
Block: Other             |       |     3 |    11 |     5 |       |       |       ||    19
       Reflection        |       |       |     1 |    12 |     9 |     7 |     1 ||    30
       Buckler           |       |       |       |   125 |   193 |   486 |   317 ||  1121
       Rpst.: Scimitar   |       |       |    19 |    57 |    78 |   129 |    50 ||   333
